 Dungeon Crawl Stone Soup version 0.22-a0-392-g5dc3fd9 (webtiles) character file.

33 Mgcat the Magician (level 3, 0/19 HPs)
             Began as a Gargoyle Wizard on May 1, 2018.
             Slain by a worker ant (6 damage)
             ... on level 2 of the Dungeon.
             The game lasted 00:04:41 (1160 turns).

Mgcat the Magician (Gargoyle Wizard)                Turns: 1160, Time: 00:04:42

Health: 0/19       AC:  6    Str: 10    XL:     3   Next: 29%
Magic:  0/7        EV: 12    Int: 19    God:
Gold:   39         SH:  0    Dex:  8    Spells: 2/8 levels left

rFire    . . .     SeeInvis .   c - +0 short sword
rCold    . . .     Gourm    .   (no shield)
rNeg     + . .     Faith    .   a - +0 robe
rPois    ∞         Spirit   .   b - +1 hat
rElec    +         Reflect  .   (no cloak)
rCorr    .         Harm     .   (no gloves)
MR       .....     Rnd*Tele +   (no boots)
Stlth    ++........             (no amulet)
HPRegen  0.06/turn              k - ring of teleportation (curse) {+/*tele, !d}
MPRegen  0.10/turn              (no ring)

@: hasted, very quick
A: negative energy resistance 1, electricity resistance, unbreathing,
petrification resistance, rot immunity, AC +3
a: no special abilities


You were on level 2 of the Dungeon.
You were not hungry.

You visited 1 branch of the dungeon, and saw 2 of its levels.

You collected 39 gold pieces.

Inventory:

Hand Weapons
 c - a +0 short sword (weapon)
   (You took it off a kobold on level 1 of the Dungeon)
Armour
 a - a +0 robe (worn)
 b - a +1 hat (worn)
Jewellery
 k - a cursed ring of teleportation (left hand) {+/*tele, !d}
   (You found it on level 1 of the Dungeon)
Scrolls
 l - 2 scrolls of immolation {!r}
Potions
 h - a potion of might {unknown}
Comestibles
 d - a ration
 g - a chunk of flesh {@w0}


   Skills:
 - Level 1.5 Dodging
 - Level 2.1 Stealth
 + Level 3.4 Spellcasting
 + Level 2.3 Conjurations
 + Level 1.3 Summonings
   Level 0.8 Translocations
 + Level 0.0 Fire Magic


You had 2 spell levels left.
You knew the following spells:

 Your Spells              Type           Power        Failure   Level  Hunger
a - Magic Dart            Conj           ##..         5%          1    None
b - Call Imp              Summ           #.......     13%         2    ##.....
c - Conjure Flame         Conj/Fire      #.......     26%         3    ###....


Dungeon Overview and Level Annotations

Branches:
Dungeon (2/15)

Altars:


Innate Abilities, Weirdness & Mutations

You are resistant to torment.
Your stone body is resilient. (AC +3)
You are immune to poison.
You resist negative energy. (rN+)
You are resistant to electric shocks. (rElec)
You can survive without breathing.
You are immune to petrification.
You are immune to rotting.


Message History

The worker ant closely misses you.
Your crimson imp blinks!
The rat barely misses you. The worker ant closely misses you.
You hit the worker ant but do no damage.
The worker ant is lightly wounded.
The bat barely misses you.
Your crimson imp blinks!
The rat bites you but does no damage. The worker ant bites you.
You hit the worker ant but do no damage.
The worker ant is lightly wounded.
The bat hits you. The rat bites you.
The worker ant bites you but does no damage.
You barely miss the worker ant.
The worker ant is lightly wounded.
The bat hits you but does no damage. The worker ant bites you.
* * * LOW HITPOINT WARNING * * *
The rat barely misses you. The bat hits you but does no damage.
Casting: Magic Dart (safe; 5% risk of failure)
Confirm with . or Enter, or press ? or * to list all spells.
Aiming: Magic Dart (safe; 5% risk of failure)
Press: ? - help, Shift-Dir - straight line, f/p - worker ant
Aim: a worker ant (lightly wounded)
The magic dart hits the worker ant.
The worker ant is lightly wounded.
The bat misses you. The bat barely misses you. The worker ant misses you.
The rat closely misses you. The worker ant misses you.
The bat hits you but does no damage. The rat closely misses you.
The worker ant bites you but does no damage.
The bat barely misses you.
Your crimson imp blinks!
The bat hits you but does no damage. The bat misses you.
The worker ant bites you but does no damage.
The bat barely misses you. The bat hits you but does no damage.
The bat hits you.
* * * LOW HITPOINT WARNING * * *
You hit the rat.
You kill the rat!
The bat hits you but does no damage. The bat closely misses you.
It was a potion of curing.
You feel better. The bat closely misses you.
The bat hits you but does no damage.
You closely miss the bat. The bat hits you but does no damage.
Casting: Magic Dart (safe; 5% risk of failure)
Confirm with . or Enter, or press ? or * to list all spells.
Aiming: Magic Dart (safe; 5% risk of failure)
Press: ? - help, Shift-Dir - straight line, f/p - worker ant
Aim: a worker ant (lightly wounded)
The magic dart hits the worker ant.
The worker ant is lightly wounded.
The worker ant bites you.
Your crimson imp closely misses the worker ant.
The worker ant bites you.
* * * LOW HITPOINT WARNING * * *
Your magical contamination has completely faded away.
You hit the worker ant but do no damage.
The worker ant is lightly wounded.
Your crimson imp hits the worker ant.
The worker ant closely misses you.
You hit the worker ant.
The worker ant is moderately wounded.
Your crimson imp closely misses the worker ant.
The worker ant bites you.
* * * LOW HITPOINT WARNING * * *
Your crimson imp hits the worker ant but does no damage.
You hit the worker ant.
The worker ant is moderately wounded.
The worker ant closely misses you.
Your crimson imp closely misses the worker ant.
The worker ant misses you.
You hit the worker ant.
The worker ant is heavily wounded.
Your crimson imp disappears in a puff of smoke!
The worker ant bites you.
* * * LOW HITPOINT WARNING * * *
You completely miss the worker ant.
The worker ant is heavily wounded.
The worker ant closely misses you.
You feel better.
The worker ant bites you but does no damage.
It was a potion of haste.
You feel yourself speed up. The worker ant barely misses you.
The worker ant bites you.
You hit the worker ant.
The worker ant is severely wounded.
Casting: Magic Dart (safe; 5% risk of failure)
Confirm with . or Enter, or press ? or * to list all spells.
Aiming: Magic Dart (safe; 5% risk of failure)
Press: ? - help, Shift-Dir - straight line, f/p - worker ant
Aim: a worker ant (severely wounded)
The magic dart hits the worker ant.
The worker ant is severely wounded.
The worker ant misses you.
You hit the worker ant.
The worker ant is almost dead.
The worker ant bites you.
You hit the worker ant.
The worker ant is almost dead.
The worker ant barely misses you.
You closely miss the worker ant.
The worker ant is almost dead.
The worker ant bites you.
You die...

#!.#(........ .#.. #.
######..#.#.#....# .
#. .#.........#.#.#.#
#. ....##...........#
.. #.
#...#...........##...
#.
#...........#.#.....
#. #.<......5...b..#
#.#!.....>#a###
....%........#@#
.##.......####.#
....#[....# #.. ##.
#.....# #..# #
#.#...# #..# #.....#
...# ###.#%# .#.# .
.#


You could see a worker ant and a bat.

Vanquished Creatures
  2 dart slugs (D:1)
  2 hobgoblins (D:1)
  6 bats
  4 frilled lizards (D:1)
  4 goblins (D:1)
  5 kobolds (D:1)
  10 rats
33 creatures vanquished.

Notes
Turn   | Place    | Note
-------+----------+-------------------------------------------
     0 | D:1      | Mgcat the Gargoyle Wizard began the quest for the Orb.
     0 | D:1      | Reached XP level 1. HP: 10/10 MP: 4/4
   182 | D:1      | Reached XP level 2. HP: 15/15 MP: 0/6
   186 | D:1      | Learned a level 2 spell: Call Imp
   352 | D:1      | Reached skill level 1 in Summonings
   475 | D:1      | Reached skill level 2 in Conjurations
   673 | D:1      | Reached XP level 3. HP: 19/19 MP: 3/7
   721 | D:1      | Learned a level 3 spell: Conjure Flame
  1135 | D:2      | HP: 3/19 [worker ant (6)]
  1142 | D:2      | HP: 2/19 [bat (1)]
  1152 | D:2      | HP: 2/19 [worker ant (3)]
  1160 | D:2      | Slain by a worker ant

Vault maps used:
D:1:      minmay_arrival_wavy_path
D:2:      fedhas_altar_3, first_ration, grunt_gozag_breadcrumbs

Skill      XL: |  1  2 |
---------------+-------+-----
Summonings     | 1 |  1.3
Conjurations   | 2 |  2.3
Dodging        | |  1.5
Stealth        | |  2.1
Spellcasting   | |  3.4
Translocations | |  0.8

Action                   || total
-------------------------++-------
Melee: Short sword       ||    44
 Cast: Magic Dart        ||    69
       Call Imp          ||     1
  Use: Scroll            ||     3
       Potion            ||     3
  Eat: Chunk             ||     1
Armor: Robe              ||    36
Dodge: Dodged            ||    61

Table legend:
 A = Spawn XP
 B = Non-spawn XP
 C = Spawn XP percentage of total XP
 D = Spawn monster count
 E = Non-spawn monster count
 F = Spawn count percentage of total count
 G = Total turns spent on level
                    A         B        C        D         E        F      G
               +---------+---------+-------+---------+---------+-------+---------
         Total |       0 |      48 |   0.0 |       0 |      33 |   0.0 |  1160
               +---------+---------+-------+---------+---------+-------+---------
           D:1 |       0 |      42 |   0.0 |       0 |      28 |   0.0 |  1046
           D:2 |       0 |       6 |   0.0 |       0 |       5 |   0.0 |   114
               +---------+---------+-------+---------+---------+-------+---------

Vault maps used:
D:1:      minmay_arrival_wavy_path
D:2:      fedhas_altar_3, first_ration, grunt_gozag_breadcrumbs

Table legend:
 A = Turns spent in this place as a percentage of turns spent in the entire game.
 B = Non-inter-level travel turns spent in this place as a percentage of non-inter-level travel turns spent in the entire game.
 C = Inter-level travel turns spent in this place as a percentage of turns spent in this place.
 D = Turns resting spent in this place as a percentage of non-inter-level travel turns spent in this place.
 E = Turns spent auto-exploring this place as a percentage of non-inter-level travel turns spent in this place.
 F = Non-inter-level travel turns spent in this place divided by the number of levels of this place that you've seen.
                   A       B       C       D       E      F
               +-------+-------+-------+-------+-------+----------------------
         Total | 100.0 | 100.0 |   1.5 |   0.0 |  79.2 | 571.5
       Dungeon | 100.0 | 100.0 |   1.5 |   0.0 |  79.2 | 571.5
               +-------+-------+-------+-------+-------+----------------------

Table legend:
 A = Kills in this place as a percentage of kills in entire the game.
 B = Kills by you in this place as a percentage of kills by you in the entire game.
 C = Kills by friends in this place as a percentage of kills by friends in the entire game.
 D = Other kills in this place as a percentage of other kills in the entire game.
 E = Experience gained in this place as a percentage of experience gained in the entire game.
 F = Experience gained in this place divided by the number of levels of this place that you have seen.
                   A       B       C       D       E      F
               +-------+-------+-------+-------+-------+----------------------
         Total | 100.0 | 100.0 |   N/A |   N/A | 100.0 |  24.0
       Dungeon | 100.0 | 100.0 |   N/A |   N/A | 100.0 |  24.0
               +-------+-------+-------+-------+-------+----------------------
